 Dungeon Crawl Stone Soup version 0.30.2 (webtiles) character file.

Game seed: 12048213042653919608

71 porpoise the Chopper (level 4, -5/41 HPs)
             Began as a Hill Orc Fighter on Feb 22, 2024.
             Killed by nerve-wracking pain
             ... invoked by an orc priest
              (11 damage)
             ... on level 3 of the Dungeon.
             The game lasted 00:02:28 (1069 turns).

porpoise the Chopper (Hill Orc Fighter)             Turns: 1069, Time: 00:02:29

Health: -5/41      AC:  8    Str: 20    XL:     4   Next: 24%
Magic:  4/4        EV: 14    Int:  8    God:
Gold:   88         SH:  4    Dex: 10    Spells: 3/3 levels left

rFire   . . .        a - +0 war axe
rCold   . . .        c - +0 buckler
rNeg    . . .        b - +0 scale mail
rPois   .            p - +0 helmet
rElec   .            (no cloak)
rCorr   .            (no gloves)
SInv    .            (no boots)
Will    .....        (no amulet) Stlth
                     f - ring of flight
HPRegen 0.26/turn    i - +5 ring of evasion
MPRegen 0.09/turn

%: no passive effects
@: flying
A: no striking features
a: Convert to Beogh


You were on level 3 of the Dungeon.
You visited 1 branch of the dungeon, and saw 3 of its levels.

You collected 88 gold pieces.

Inventory:

Hand Weapons
 a - a +0 war axe (weapon)
Missiles
 n - 2 poisoned darts (quivered)
Armour
 b - a +0 scale mail (worn)
 c - a +0 buckler (worn)
 p - a +0 helmet (worn)
Jewellery
 f - a ring of flight (left hand)
 i - a +5 ring of evasion (right hand)
 o - an amulet of faith
Scrolls
 e - a scroll of identify {unknown}
 k - a scroll of fog {unknown}
 l - a scroll of enchant weapon {unknown}
 m - a scroll of fear {unknown}
 r - a scroll of noise {unknown}
Potions
 d - a potion of might
 g - a potion of brilliance {unknown}
 h - 2 potions of curing {unknown}
 j - a potion of heal wounds {unknown}
 q - a potion of haste {unknown}


   Skills:
 + Level 4.3 Fighting
 * Level 4.5 Axes
 - Level 3.2 Armour
 + Level 3.9 Shields


You had 3 spell levels left.
You didn't know any spells.
Your spell library was empty.

Dungeon Overview and Level Annotations

Branches:
Dungeon (2/15)

Altars:


Message History

You hit the orc.
The orc priest shouts, "Surrender to Beogh and we'll let you live!"
You slash the endoplasm!
You kill the endoplasm!
The orc priest misses you. The orc hits you with a +0 mace.
You barely miss the orc priest.
The orc priest is moderately wounded.
You hit the orc. The orc priest completely misses you.
The orc hits you but does no damage.
You barely miss the orc priest.
The orc priest is moderately wounded.
You hit the orc.
You kill the orc!
The orc priest shouts, "Surrender to Beogh and we'll let you live!"
The orc priest hits you with a +0 hand axe.
* * * LOW HITPOINT WARNING * * *
The orc priest hits you with a +0 hand axe.
* * * LOW HITPOINT WARNING * * *
You closely miss the orc priest.
The orc priest is moderately wounded.
The orc priest barely misses you.
You hit the orc priest.
The orc priest is heavily wounded.
The orc priest threatens, "By the altar or by the axe, you will meet Beogh!"
The orc priest closely misses you.
You barely miss the orc priest.
The orc priest is heavily wounded.
The orc priest mumbles some strange prayers to Beogh against you.
Pain shoots through your body!
* * * LOW HITPOINT WARNING * * *
You closely miss the orc priest.
The orc priest is heavily wounded.
The orc priest closely misses you.
The orc priest looks braver for a moment.
You closely miss the orc priest.
The orc priest is heavily wounded.
The orc priest shouts, "Beogh is our master!
Accept the truth or die!"
The orc priest calls down the wrath of Beogh upon you.
Pain shoots through your body!
You die...

######..# ..
........# .#
######.## .#
.......# .#
#####.###########.#
#.............#
############..#
#..# #@)# #)o# #..#
...# ..## ####


You could see an orc priest.

Vanquished Creatures
  An orc priest (D:3)
  2 dart slugs (D:1)
  2 orcs (D:3)
  4 endoplasms
  2 giant cockroaches (D:1)
  8 goblins
  2 hobgoblins (D:1)
  2 quokkas (D:1)
  2 ball pythons (D:1)
  2 bats (D:1)
  A frilled lizard (D:1)
  2 kobolds (D:1)
  3 rats (D:1)
33 creatures vanquished.

Notes
Turn   | Place    | Note
-------+----------+-------------------------------------------
     0 | D:1      | porpoise the Hill Orc Fighter began the quest for the Orb.
     0 | D:1      | Reached XP level 1. HP: 19/19 MP: 1/1
    93 | D:1      | Found a faded altar of an unknown god.
   210 | D:1      | Reached XP level 2. HP: 27/27 MP: 2/2
   730 | D:1      | Reached XP level 3. HP: 33/33 MP: 3/3
  1034 | D:2      | You are sucked into a shaft and drop 1 floor!
  1062 | D:3      | Reached XP level 4. HP: 14/41 MP: 4/4
  1069 | D:3      | Killed from afar by an orc priest

Illustrated notes

Levels and vault maps discovered:
D:1:      nzn_arrival_depleted_hourglass, layout_basic,
          ebering_ecumenical_altar_sacrificial, hex_large
D:2:      layout_basic
D:3:      layout_loops_ring, pdpol_temple_overflow_zin_treasury_gozag_greed,
          lemuel_crystal_altar, mainiacjoe_overflow_small_starburst,
          serial_glass, glass_columns_a, glass_columns_a, glass_columns_a,
          glass_columns_a, glass_columns_a, glass_columns_c, glass_columns_a,
          glass_columns_a, uniq_grinder

Skill      XL: |  1  2  3 |
---------------+----------+-----
Axes           | 3 4 |  4.5
Fighting       | 4 |  4.3
Armour         | |  3.2
Shields        | |  3.9

Action                     |  1- 3 |  4- 6 || total
---------------------------+-------+-------++-------
  Melee: War axe           |    57 |     8 ||    65
 Armour: Scale mail        |    19 |     1 ||    20
  Dodge: Dodged            |    24 |     5 ||    29
  Block: Buckler           |    15 |       ||    15
